 Dungeon Crawl Stone Soup version 0.21-a0-630-g344d351 (webtiles) character file.

57 Gaball the Chopper (level 4, -1/39 HPs)
             Began as a Hill Orc Fighter on Dec 25, 2017.
             Slain by an adder (4 damage)
             ... on level 2 of the Dungeon.
             The game lasted 00:01:43 (807 turns).

Gaball the Chopper (Hill Orc Fighter)                Turns: 807, Time: 00:01:45

Health: -1/39      AC:  6    Str: 19    XL:     4   Next: 0%
Magic:  4/4        EV:  7    Int:  8    God:
Gold:   45         SH:  9    Dex: 10    Spells: 3/3 levels left

rFire    . . .     SeeInvis .   a - +0 war axe
rCold    . . .     Gourm    .   c - +0 shield
rNeg     . . .     Faith    .   b - +0 scale mail
rPois    .         Spirit   .   (no helmet)
rElec    .         Reflect  .   (no cloak)
rCorr    .         Harm     .   (no gloves)
MR       .....                  (no boots)
Stlth    ..........             (no amulet)
HPRegen  0.13/turn              (no ring)
MPRegen  0.09/turn              (no ring)

@: lethally poisoned (-1 -> -6)
A: no striking features
a: no special abilities


You were on level 2 of the Dungeon.
You were not hungry.

You visited 1 branch of the dungeon, and saw 2 of its levels.

You collected 45 gold pieces.

Inventory:

Hand Weapons
 a - a +0 war axe (weapon)
Armour
 b - a +0 scale mail (worn)
 c - a +0 shield (worn)
Scrolls
 e - a scroll of magic mapping {unknown}
 g - a scroll of immolation {unknown}
 h - 3 scrolls of identify {unknown}
 i - 2 scrolls of enchant weapon {unknown}
 j - a scroll of fog {unknown}
 k - a scroll of remove curse {unknown}
 l - 2 scrolls of blinking {unknown}
Potions
 d - a potion of might
 m - a potion of agility {unknown}
Comestibles
 f - a ration


   Skills:
 - Level 3.6 Fighting
 + Level 5.5 Axes
 - Level 3.2 Armour
 - Level 3.2 Shields


You had 3 spell levels left.
You didn't know any spells.

Dungeon Overview and Level Annotations

Branches:
Dungeon (2/15)

Altars:


Message History

The adder barely misses you.
You barely miss the adder.
The adder is severely wounded.
The adder bites you but does no damage. You block the adder's attack.
You miss the adder.
The adder is severely wounded.
You feel sick. The adder barely misses you.
You closely miss the adder.
The adder is severely wounded.
The adder bites you but does no damage. The adder bites you.
* * * LOW HITPOINT WARNING * * *
You are lethally poisoned!
The adder poisons you!
You hit the adder.
The adder is almost dead.
* * * LOW HITPOINT WARNING * * *
You feel sick. The adder bites you.
* * * LOW HITPOINT WARNING * * *
The adder bites you.
You die...

#..%.....#
#........#
#........#
#........#
#........#
#........##
#.........#
#..@......#
#..S......#
#.........#
#.........#.#
#######...........#
.......#........#
......†#.<........#
......†.........#.#
.......##.......#


You could see an adder.

Vanquished Creatures
  2 adders (D:2)
  An ooze (D:1)
  2 dart slugs
  2 bats (D:1)
  2 giant cockroaches (D:1)
  3 hobgoblins (D:1)
  5 jackals
  A frilled lizard (D:1)
  5 goblins
  2 kobolds (D:1)
  4 rats (D:1)
29 creatures vanquished.

Notes
Turn   | Place    | Note
-------+----------+-------------------------------------------
     0 | D:1      | Gaball the Hill Orc Fighter began the quest for the Orb.
     0 | D:1      | Reached XP level 1. HP: 19/19 MP: 1/1
   113 | D:1      | Reached skill level 3 in Axes
   177 | D:1      | Reached XP level 2. HP: 26/26 MP: 2/2
   263 | D:1      | Reached skill level 4 in Axes
   380 | D:1      | Reached XP level 3. HP: 31/31 MP: 3/3
   636 | D:2      | Reached skill level 5 in Axes
   788 | D:2      | Reached XP level 4. HP: 26/39 MP: 4/4
   807 | D:2      | Slain by an adder

Vault maps used:
D:1:      dpeg_arrival_court
D:2:      lemuel_doored_altar, overflow_temple_1_default

Skill      XL: |  1  2  3 |
---------------+----------+-----
Axes           | 3 4 5 |  5.5
Fighting       | |  3.6
Armour         | |  3.2
Shields        | |  3.2

Action                   |  1- 3 |  4- 6 || total
-------------------------+-------+-------++-------
Melee: War axe           |    94 |    12 ||   106
Armor: Scale mail        |    59 |     4 ||    63
Dodge: Dodged            |    31 |     3 ||    34
Block: Shield            |    51 |     6 ||    57

Table legend:
 A = Spawn XP
 B = Non-spawn XP
 C = Spawn XP percentage of total XP
 D = Spawn monster count
 E = Non-spawn monster count
 F = Spawn count percentage of total count
 G = Total turns spent on level
                    A         B        C        D         E        F      G
               +---------+---------+-------+---------+---------+-------+---------
         Total |       0 |      82 |   0.0 |       0 |      29 |   0.0 |   807
               +---------+---------+-------+---------+---------+-------+---------
           D:1 |       0 |      43 |   0.0 |       0 |      22 |   0.0 |   622
           D:2 |       0 |      39 |   0.0 |       0 |       7 |   0.0 |   185
               +---------+---------+-------+---------+---------+-------+---------
